 Dungeon Crawl Stone Soup version 0.27.1-33-g824d729ab1 (webtiles) character file.

Game seed: 11000991045595225613

7 tanglemaster the Sneak (level 2, 15/19 HPs)
             Began as a Tengu Delver on Dec 24, 2021.
             Quit the game on level 4 of the Dungeon.
             The game lasted 00:00:13 (61 turns).

tanglemaster the Sneak (Tengu Delver)                 Turns: 61, Time: 00:00:14

Health: 15/19      AC:  3    Str: 12    XL:     2   Next: 4%
Magic:  3/3        EV: 12    Int: 10    God:
Gold:   0          SH:  0    Dex: 15    Spells: 1/1 levels left

rFire    . . .     SeeInvis .   a - +0 falchion
rCold    . . .     Faith    .   (no shield)
rNeg     . . .     Spirit   .   b - +0 leather armour
rPois    .         Reflect  .   (helmet restricted)
rElec    .         Harm     .   (no cloak)
rCorr    .         Rampage  .   (no gloves)
Will     .....                  (boots unavailable)
Stlth    +++.......             (no amulet)
HPRegen  0.06/turn              (no ring)
MPRegen  0.08/turn              (no ring)

@: no status effects
A: beak, talons 3
a: no special abilities


You were on level 4 of the Dungeon.
You visited 1 branch of the dungeon, and saw 3 of its levels.

Inventory:

Hand Weapons
 a - a +0 falchion (weapon)
Armour
 b - a +0 leather armour (worn)
Wands
 g - a wand of digging (3)
Scrolls
 c - a scroll of fog
 d - a scroll of magic mapping
 e - a scroll of fear
Potions
 f - a potion of haste


   Skills:
 + Level 3.0 Fighting
 + Level 2.2 Long Blades
 + Level 2.2 Dodging
 + Level 5.4 Stealth


You had one spell level left.
You didn't know any spells.
Your spell library contained the following spells:

 Spells                   Type           Power      Damage    Failure   Level
 Corona                   Hex            0%         N/A       43%         1
 Ensorcelled Hibernation  Hex/Ice        0%         N/A       58%         2
 Tukima's Dance           Hex            0%         N/A       82%         3


Dungeon Overview and Level Annotations

Branches:
Dungeon (6/15)
 Temple: D:4-7

Altars:


Innate Abilities, Weirdness & Mutations

You have a beak for a mouth.
You have claws for feet.


Message History

No target in view!
A quokka comes into view.
A quokka is nearby!
A quokka is nearby!
A quokka is nearby!
A quokka is nearby!
Found a book of Maledictions.
The helpless quokka fails to defend itself.
You hit the quokka.
You kill the quokka!
No target in view!
No target in view!
No target in view!
No target in view!
No target in view!
No target in view!
No target in view!
No target in view!
No target in view!
No target in view!
No target in view!
No target in view!
No target in view!
You pick up a book of Maledictions and begin reading...
You add the spells Corona, Ensorcelled Hibernation and Tukima's Dance to your library.
An adder skeleton comes into view.
An adder skeleton is nearby!
An endoplasm comes into view.
The adder skeleton bites you but does no damage.
You barely miss the adder skeleton. You claw the adder skeleton.
The adder skeleton is lightly damaged.
The adder skeleton bites you.
You hit the adder skeleton. You claw the adder skeleton.
You peck the adder skeleton.
You destroy the adder skeleton!
The helpless endoplasm fails to defend itself.
You hit the endoplasm. You peck the endoplasm.
You kill the endoplasm!
You have reached level 2!
Are you sure you want to abandon this character and quit the game? (Confirm with "yes".)

#...##
##...### .#
###...### .#
###...##.#
#.#...#.#
#.#...#.# #
#.##..#.#.#
#.##..#...####
#.....@.......
#.#.#.########
........ .
#.#.#.##
#.#.#.. #
#.###


There were no monsters in sight!

Vanquished Creatures
  An adder skeleton (D:4)
  An endoplasm (D:4)
  A hobgoblin (D:4)
  A quokka (D:4)
4 creatures vanquished.

Notes
Turn   | Place    | Note
-------+----------+-------------------------------------------
     0 | D:5      | tanglemaster the Tengu Delver began the quest for the Orb.
     0 | D:5      | Reached XP level 1. HP: 14/14 MP: 2/2
     1 | D:6      | Noticed an orc wizard
    61 | D:4      | Reached XP level 2. HP: 15/19 MP: 3/3
    61 | D:4      | Quit the game

Illustrated notes

Levels and vault maps discovered:
D:4:      layout_basic, temple_fountains, serial_shops, shop, serial_curves,
          eino_curves_01, eino_curves_03, serial_bayou_lake_a, uniq_edmund
D:5:      minmay_inner_zag, layout_cave_pools, kennysheep_mini_moat,
          serial_shops, nicolae_shop_behind_doors, hangedman_decor_riveting,
          minmay_misc_feat_secret_circle, minmay_misc_feat_five,
          minmay_splitting_lines
D:6:      layout_cave_pools, mainiacjoe_overflow_brackets

Action                   || total
-------------------------++-------
Melee: Falchion          ||     5
       Kick              ||     2
       Peck              ||     2
 Stab: Sleeping          ||     3
Armor: Leather armour    ||     1
